 Dungeon Crawl Stone Soup version 0.31-a0-455-g1a7b003ef0 (webtiles) character file.

Game seed: 2567153015441022438

1197 randomguy2701 the Cleaver (level 8, 0/70 HPs)
             Began as a Hill Orc Fighter on Aug 3, 2023.
             Was a Follower of Beogh.
             Slain by an orc warrior
             ... wielding a +0 flail
              (3 damage)
             ... on level 6 of the Dungeon.
             The game lasted 00:07:18 (5028 turns).

randomguy2701 the Cleaver (Hill Orc Fighter)        Turns: 5028, Time: 00:07:18

Health: 0/70       AC: 10    Str: 19    XL:     8   Next: 44%
Magic:  0/17       EV: 10    Int:  8    God:    Beogh [*.....]
Gold:   395        SH:  5    Dex: 12    Spells: 7/7 levels left

rFire   . . .        a - +0 war axe
rCold   . . .        c - +0 buckler
rNeg    . . .        b - +0 scale mail
rPois   .            n - +0 helmet
rElec   .            l - scarf {repulsion}
rCorr   .            m - +0 pair of gloves
SInv    +            (no boots)
Will    .....        p - amulet of guardian spirit Stlth
                     y - ring of see invisible
HPRegen 0.31/turn    g - ring of magical power
MPRegen 0.15/turn

%: repel missiles, guardian spirit
@: studying Staves
A: no striking features
a: Renounce Religion


You were on level 6 of the Dungeon.
You worshipped Beogh.
Beogh was aware of your devotion.
You visited 2 branches of the dungeon, and saw 7 of its levels.

You collected 395 gold pieces.

Inventory:

Hand Weapons
 a - a +0 war axe (weapon)
Armour
 b - a +0 scale mail (worn)
 c - a +0 buckler (worn)
 l - a scarf of repulsion (worn)
 m - a +0 pair of gloves (worn)
 n - a +0 helmet (worn)
Jewellery
 g - a ring of magical power (right hand)
 p - an amulet of guardian spirit (around neck)
 y - a ring of see invisible (left hand)
Scrolls
 f - a scroll of butterflies {unknown}
 h - a scroll of fear {unknown}
 o - a scroll of teleportation {unknown}
 q - a scroll of revelation {unknown}
 s - 2 scrolls of identify {unknown}
 u - a scroll of fog {unknown}
 w - a scroll of enchant armour {unknown}
 x - 2 scrolls of poison {unknown}
 z - a scroll of noise {unknown}
Potions
 d - 2 potions of might
 e - 4 potions of curing {unknown}
 i - a potion of brilliance {unknown}
 j - a potion of mutation {unknown}
 k - a potion of attraction {unknown}
 r - 2 potions of resistance {unknown}
 t - a potion of berserk rage {unknown}
 v - a potion of ambrosia {unknown}
 A - a potion of degeneration {unknown}


   Skills:
 + Level 5.7 Fighting
 + Level 8.9 Axes
 + Level 6.5 Armour
 + Level 2.0 Dodging
 + Level 0.2 Stealth
 + Level 4.1 Shields


You had 7 spell levels left.
You didn't know any spells.
Your spell library contained the following spells:

 Spells                   Type           Power      Damage    Failure   Level
 Apportation              Tloc           0%         N/A       83%         1
 Cigotuvi's Dreadful Rot  Necr/Pois/Air  0%         N/A       92%         2
 Gell's Gravitas          Tloc           0%         N/A       99%         3
 Ignite Poison            Fire/Tmut/Pois 0%         N/A       99%         3
 Teleport Other           Tloc           0%         N/A       99%         3
 Alistair's Intoxication  Tmut/Pois      0%         N/A       100%        5
 Freezing Cloud           Conj/Ice/Air   0%         6-21      100%        5
 Dispersal                Tloc           0%         N/A       100%        6


Dungeon Overview and Level Annotations

Branches:
Dungeon (6/15)             Temple (1/1) D:5

Altars:
Ashenzari
Cheibriados
Dithmenos
Elyvilon
Fedhas
Gozag
Hepliaklqana
Kikubaaqudgha
Makhleb
Nemelex Xobeh
Okawaru
Qazlal
Ru
Sif Muna
Trog
Uskayaw
Vehumet
Wu Jian
Xom
Yredelemnul
Zin
The Shining One


Message History

The orc warrior hits you but does no damage.
You hit the orc warrior.
The orc warrior is lightly wounded.
You block the orc warrior's attack.
You hit the orc warrior.
The orc warrior is heavily wounded.
The orc warrior barely misses you.
You closely miss the orc warrior.
The orc warrior is heavily wounded.
You block the orc warrior's attack.
You closely miss the orc warrior.
The orc warrior is heavily wounded.
The orc warrior hits you with a +0 flail.
The orc priest begins to cast a cantrip, but forgets the words!
You hit the orc warrior but do no damage.
The orc warrior is heavily wounded.
The orc warrior hits you with a +0 flail.
You hit the orc warrior.
The orc warrior is heavily wounded.
The orc warrior hits you with a +0 flail!
* * * LOW HITPOINT WARNING * * *
You hit the orc warrior but do no damage.
The orc warrior is heavily wounded.
The orc warrior hits you but does no damage.
The orc priest calls down the wrath of Beogh upon you.
Beogh smites you!
* * * LOW HITPOINT WARNING * * *
You slash the orc warrior!
The orc warrior is severely wounded.
The orc warrior hits you with a +0 flail!
* * * LOW HITPOINT WARNING * * *
You hit the orc warrior.
The orc warrior is almost dead.
The orc warrior hits you with a +0 flail.
* * * LOW HITPOINT WARNING * * *
You closely miss the orc warrior.
The orc warrior is almost dead.
The orc warrior hits you with a +0 flail.
You die...
Beogh appreciates the orc warrior's killing of a heretic priest.

#.#...## #........ .......##
#....###. #.......####....>...
..............#.####
#............##.# ######
................# .....#
##..##.##.#.##..# .....#
##..........###.##o....#
................@ooo...#
###....##....##.##o....#
##....##....##.########
#...<..#........#
#...............# .....
#.....##....#...###### ......
#....................#####......
#..........[.≈≈≈≈≈≈≈.≈≈≈≈≈≈≈....
##.#.^####....≈#####≈.≈#####≈#...


You could see an orc warrior, an orc priest and 3 orcs.

Vanquished Creatures
  A water moccasin (D:5)
  A sky beast (D:6)
  2 black bears (D:5)
  An ice beast (D:5)
  A centaur (D:6)
  2 scorpions (D:5)
  A jelly (D:5)
  A gnoll bouda (D:6)
  2 hounds
  2 sleepcaps
  Natasha (twice) (D:3)
  An iguana (D:4)
  An orc wizard (D:5)
  7 gnolls
  7 adders
  2 shadow imps (D:6)
  A white imp (D:6)
  2 ufetubi
  2 worms
  2 dart slugs (D:1)
  11 orcs
  7 endoplasms
  4 giant cockroaches
  11 goblins
  6 hobgoblins
  2 jackals (D:1)
  2 quokkas
  8 ball pythons
  2 bats
  2 frilled lizards (D:1)
  8 kobolds
  6 rats
110 creatures vanquished.

Notes
Turn   | Place    | Note
-------+----------+-------------------------------------------
     0 | D:1      | randomguy2701 the Hill Orc Fighter began the quest for the
                  | Orb.
     0 | D:1      | Reached XP level 1. HP: 19/19 MP: 1/1
    89 | D:1      | Reached XP level 2. HP: 25/27 MP: 2/2
   155 | D:1      | Reached skill level 3 in Axes
   283 | D:1      | Reached XP level 3. HP: 33/33 MP: 3/3
   877 | D:2      | Reached skill level 4 in Axes
   877 | D:2      | Reached XP level 4. HP: 39/40 MP: 2/4
  1471 | D:3      | Noticed Natasha
  1478 | D:3      | Killed Natasha
  1780 | D:3      | Noticed Natasha
  1790 | D:3      | Killed Natasha
  1791 | D:3      | Reached XP level 5. HP: 38/47 MP: 3/5
  1965 | D:4      | Reached skill level 5 in Axes
  2024 | D:4      | Became a worshipper of Beogh the Brigand
  2502 | D:4      | Found a basalt altar of Yredelemnul.
  2612 | D:4      | Reached XP level 6. HP: 41/53 MP: 4/6
  2890 | D:5      | Entered Level 5 of the Dungeon
  2892 | D:5      | Noticed a black bear
  2908 | D:4      | Reached skill level 6 in Axes
  3056 | D:5      | Killed a black bear
  3189 | D:5      | Found a staircase to the Ecumenical Temple.
  3198 | D:5      | Noticed a water moccasin
  3201 | Temple   | Entered the Ecumenical Temple
  3636 | D:5      | Killed a water moccasin
  3637 | D:5      | Reached skill level 5 in Fighting
  3637 | D:5      | Reached skill level 7 in Axes
  3637 | D:5      | Reached skill level 5 in Armour
  3637 | D:5      | Reached skill level 1 in Dodging
  3637 | D:5      | Reached XP level 7. HP: 16/61 MP: 4/7
  3853 | D:5      | Found an iron altar of Okawaru.
  4026 | D:5      | Reached * piety under Beogh
  4170 | D:5      | Identified the +0 robe of Pandemonium {rC+++ Str-2 Stlth+}
  4250 | D:5      | Reached XP level 8. HP: 68/68 MP: 8/8
  4605 | D:6      | Reached skill level 8 in Axes
  4966 | D:6      | Found an ornate altar of the Wu Jian Council.
  4966 | D:6      | Found a blossoming altar of Fedhas.
  5027 | D:6      | HP: 3/70 [orc warrior/+0 flail (1)]
  5028 | D:6      | Slain by an orc warrior

Illustrated notes

Levels and vault maps discovered:
D:1:      dpeg_arrival_three_smaller_balls, layout_rooms, minmay_domino_4
D:2:      layout_loops_ring
D:3:      layout_rooms, uniq_natasha
D:4:      layout_basic, overflow_temple_1_default, minmay_manual_monolith
D:5:      layout_rooms, overflow_temple_1_default, minmay_temple_entry_mist
D:6:      layout_basic, nicolae_overflow_two_pavilions,
          minmay_misc_feat_hallway, hangedman_decor_growths, minivault_25,
          minmay_manual_maat
Temple:   nicolae_temple_no_exploring_needed

Skill      XL: |  1  2  3  4  5  6  7  8 |
---------------+-------------------------+-----
Fighting       | 4 5 |  5.7
Axes           | 3 4 5 7 8 |  8.9
Armour         | 4 5 6 |  6.5
Dodging        | 1 2 |  2.0
Shields        | 4 |  4.1
Stealth        | |  0.2

Action                     |  1- 3 |  4- 6 |  7- 9 || total
---------------------------+-------+-------+-------++-------
  Melee: War axe           |    91 |   153 |   171 ||   415
 Invoke: Convert to Beogh  |       |     1 |       ||     1
 Armour: Scale mail        |    40 |    79 |    93 ||   212
  Dodge: Dodged            |    54 |    93 |    83 ||   230
         Repelled          |     1 |     2 |     1 ||     4
  Block: Buckler           |    26 |    38 |    38 ||   102

Table legend: (Time is in decaauts)
 A = Elapsed time spent in this place.
 B = Non-inter-level travel time spent in this place.
 C = Inter-level travel time spent in this place.
 D = Time resting spent in this place.
 E = Time spent auto-exploring this place.
 F = Levels seen in this place.
 G = Mean time per level.
                   A        B        C        D        E       F      G
               +--------+--------+--------+--------+--------+-----+--------+
         Total |   5130 |   4959 |    171 |    408 |   3606 |   7 |  732.9 |
       Dungeon |   4708 |   4549 |    159 |      0 |   3606 |   6 |  784.7 |
        Temple |    421 |    409 |     12 |    408 |      0 |   1 |  421.0 |
               +--------+--------+--------+--------+--------+-----+--------+

Top non-repeatable levels by time:
     D:4: 1225 daAuts
     D:5: 1012 daAuts
     D:1: 733 daAuts
     D:2: 635 daAuts
     D:6: 582 daAuts
     D:3: 519 daAuts
  Temple: 421 daAuts
